 Dungeon Crawl Stone Soup version 0.29-a0-1033-gb6c65ffae6 (webtiles) character file.

Game seed: 13711967038016303294

2 Manisian the Caller (level 1, 0/9 HPs)
             Began as a Vine Stalker Summoner on Aug 14, 2022.
             Slain by a quokka (4 damage)
             ... on level 1 of the Dungeon.
             The game lasted 00:00:18 (233 turns).

Manisian the Caller (Vine Stalker Summoner)          Turns: 233, Time: 00:00:19

Health: 0/9        AC:  2    Str: 10    XL:     1   Next: 30%
Magic:  0/4        EV: 12    Int: 15    God:
Gold:   0          SH:  0    Dex: 14    Spells: 3/4 levels left

rFire   . . .      SeeInvis .   (no weapon)
rCold   . . .      Faith    .   (no shield)
rNeg    . . .      Spirit   +   a - +0 robe
rPois   .          Reflect  .   (no helmet)
rElec   .          Harm     .   (no cloak)
rCorr   .          Rampage  .   (no gloves)
Will    .....                   (no boots)
Stlth   ++........              (no amulet)
HPRegen 0.03/turn               (no ring)
MPRegen 0.09/turn               (no ring)

@: no status effects
A: fangs 2, magic shield, antimagic bite, no potion heal 2
a: no special abilities


You were on level 1 of the Dungeon.
You visited 1 branch of the dungeon, and saw 1 of its levels.

Inventory:

Armour
 a - a +0 robe (worn)
Scrolls
 c - a scroll of identify {unknown}
Potions
 b - a potion of magic


   Skills:
 + Level 1.5 Dodging
 + Level 2.4 Stealth
 + Level 2.1 Spellcasting
 + Level 4.1 Summonings


You had 3 spell levels left.
You knew the following spells:

 Your Spells              Type           Power      Damage    Failure   Level
a - Summon Small Mammal   Summ           52%        N/A       4%          1

Your spell library contained the following spells:

 Spells                   Type           Power      Damage    Failure   Level
 Call Imp                 Summ           13%        N/A       6%          2
 Call Canine Familiar     Summ           13%        N/A       12%         3
 Summon Guardian Golem    Hex/Summ       7%         N/A       28%         3
 Summon Lightning Spire   Summ/Air       7%         N/A       67%         4


Dungeon Overview and Level Annotations

Branches:
Dungeon (1/15)

Altars:


Innate Abilities, Weirdness & Mutations

You have extremely sharp teeth.
When hurt, damage is shared between your health and your magic reserves.
Your bite disrupts and absorbs the magic of your enemies.
Potions cannot restore your health.


Message History

You swap places.
Found a scroll labelled SUW POLIFEN.
Your bat hits the frilled lizard.
The frilled lizard dies!
Your bat disappears in a puff of smoke!
c - a scroll labelled SUW POLIFEN You swap places.
You see here a frilled lizard corpse.
A quokka and a hobgoblin come into view.
You see here a clear potion.
There are monsters nearby!
Casting: Summon Small Mammal (safe; 4% risk of failure)
Confirm with . or Enter, or press ? or * to list all spells.
Casting: Summon Small Mammal (safe; 4% risk of failure)
Confirm with . or Enter, or press ? or * to list all spells.
Your bat disappears in a puff of smoke!
Your bat hits the quokka.
Your bat barely misses the quokka.
The quokka bites your bat but does no damage.
The quokka closely misses your bat.
Your bat completely misses the quokka.
The quokka barely misses your bat.
Your bat barely misses the quokka.
Your quokka bites the quokka but does no damage.
Your bat hits the quokka but does no damage.
Your quokka barely misses the quokka.
The hobgoblin shouts!
Your bat barely misses the quokka.
The quokka bites you.
You hit the quokka.
The quokka is heavily wounded.
Your bat barely misses the quokka.
Your quokka bites the quokka.
The quokka bites you.
Your quokka bites the quokka but does no damage.
Your bat misses the quokka.
A goblin comes into view. It is wielding a +0 dagger.
You miss the quokka.
The quokka is almost dead.
Your bat barely misses the quokka.
Your bat closely misses the quokka.
A giant cockroach comes into view.
The quokka bites you.
You die...

#. #. #.. . #..#
##### #.#...###
#...#
........#####...#
...........##...#
g.g..br@....†...#
B....r.....#....#
................#
#.#.#########...#
#.. #...# #.
#...# # #...#
#.### #####'#####


You could see a quokka (ally target), a giant cockroach (distracted), a
hobgoblin, a goblin, a friendly quokka (summoned) and a friendly bat (summoned).

Vanquished Creatures
  A giant cockroach (D:1)
1 creature vanquished.

Vanquished Creatures (collateral kills)
  A frilled lizard (D:1)
1 creature vanquished.

Grand Total: 2 creatures vanquished

Notes
Turn   | Place    | Note
-------+----------+-------------------------------------------
     0 | D:1      | Manisian the Vine Stalker Summoner began the quest for the
                  | Orb.
     0 | D:1      | Reached XP level 1. HP: 9/9 MP: 4/4
   233 | D:1      | Slain by a quokka

Illustrated notes

Levels and vault maps discovered:
D:1:      dpeg_arrival_prison, layout_rooms, dreamdust_princess_bridge,
          minmay_misc_feat_doors, serial_bayou_ford_a

Action                   || total
-------------------------++-------
Melee: Unarmed           ||    13
       Bite              ||     4
 Cast: Summon Small Mamm ||     4
Armor: Robe              ||     6
Dodge: Dodged            ||     3

Table legend: (Time is in decaauts)
 A = Elapsed time spent in this place.
 B = Non-inter-level travel time spent in this place.
 C = Inter-level travel time spent in this place.
 D = Time resting spent in this place.
 E = Time spent auto-exploring this place.
 F = Levels seen in this place.
 G = Mean time per level.
                   A        B        C        D        E       F      G
               +--------+--------+--------+--------+--------+-----+--------+
         Total |    233 |    233 |      0 |      0 |    198 |   1 |  233.0 |
       Dungeon |    233 |    233 |      0 |      0 |    198 |   1 |  233.0 |
               +--------+--------+--------+--------+--------+-----+--------+

Top non-repeatable levels by time:
     D:1: 233 daAuts
